 Dungeon Crawl Stone Soup version 0.27.0-66-gdc8fb28755 (webtiles) character file.

Game seed: 465278732008593146

267 ZARRMARR the Ducker (level 6, -4/53 HPs)
             Began as a Gnoll Monk on Aug 21, 2021.
             Slain by an ogre (17 damage)
             ... on level 4 of the Dungeon.
             The game lasted 00:13:33 (4380 turns).

ZARRMARR the Ducker (Gnoll Monk)                    Turns: 4380, Time: 00:13:34

Health: -4/53      AC: 10    Str: 12      XL:     6   Next: 21%
Magic:  2/2        EV:  4    Int: 10      God:
Gold:   164        SH:  0    Dex: 13 (14) Spells: 8/8 levels left

rFire    . . .     SeeInvis .   h - +1 spear (antimagic)
rCold    + . .     Faith    .   (no shield)
rNeg     . . .     Spirit   .   f - +0 plate armour
rPois    .         Reflect  .   (no helmet)
rElec    .         Harm     .   (no cloak)
rCorr    +         Rampage  .   (no gloves)
Will     .....                  (no boots)
Stlth    ..........             (no amulet)
HPRegen  0.17/turn              c - ring of protection from cold
MPRegen  0.08/turn              d - ring of resist corrosion

@: no status effects
A: fangs 1, strong nose, distributed training
a: no special abilities


You were on level 4 of the Dungeon.
You visited 1 branch of the dungeon, and saw 4 of its levels.

You collected 164 gold pieces.

Inventory:

Hand Weapons
 h - a +1 antimagic spear (weapon)
Missiles
 j - 15 poisoned darts
 l - 2 boomerangs (quivered)
Armour
 f - a +0 plate armour (worn)
Magical Staves
 a - a staff of cold
Jewellery
 c - a ring of protection from cold (left hand)
 d - a ring of resist corrosion (right hand)
Scrolls
 m - a scroll of teleportation
Potions
 b - a potion of flight {unknown}
 e - a potion of resistance
 g - 4 potions of heal wounds {unknown}
 i - a potion of mutation {unknown}
 k - a potion of might {unknown}
 n - a potion of curing {unknown}
 o - a potion of ambrosia {unknown}


   Skills:
 + Level 6.8 Fighting
 + Level 6.8 Short Blades
 + Level 1.8 Long Blades
 + Level 1.8 Axes
 + Level 1.8 Maces & Flails
 + Level 1.8 Polearms
 + Level 1.8 Staves
 + Level 1.8 Slings
 + Level 1.8 Bows
 + Level 1.8 Crossbows
 + Level 1.8 Throwing
 + Level 1.8 Armour
 + Level 6.8 Dodging
 + Level 4.5 Stealth
 + Level 1.8 Shields
 + Level 1.8 Unarmed Combat
 + Level 1.8 Spellcasting
 + Level 1.4 Conjurations
 + Level 1.4 Hexes
 + Level 1.4 Summonings
 + Level 1.4 Necromancy
 + Level 1.4 Translocations
 + Level 1.4 Transmutations
 + Level 1.4 Fire Magic
 + Level 1.4 Ice Magic
 + Level 1.4 Air Magic
 + Level 1.4 Earth Magic
 + Level 1.4 Poison Magic
 + Level 2.0 Invocations
 + Level 1.8 Evocations


You had 8 spell levels left.
You didn't know any spells.
Your spell library contained the following spells:

 Spells                   Type           Power      Damage    Failure   Level
 Dazzling Flash           Conj/Hex       6%         N/A       100%        3
 Agony                    Necr           3%         N/A       100%        5
 Silence                  Hex/Air        1%         N/A       100%        5


Dungeon Overview and Level Annotations

Branches:
Dungeon (4/15)
 Temple: D:4-7

Altars:
Gozag
Hepliaklqana

Portals:
Abyss: D:3

Annotations:
D:3 1 transporter, suicidejoker's ghost, amateur DsBr


Innate Abilities, Weirdness & Mutations

You have very sharp teeth.
Your uncanny sense of smell can sniff out nearby items.
Your experience applies equally to all skills.


Message History

Throw: 2 boomerangs
Press: ? - help, Q - select action, (/) - cycle Shift-Dir - straight line, f/p - ogre
Aim: an ogre, wielding a +0 giant club (72% to hit)
You throw a boomerang. The boomerang barely misses the ogre.
Unknown command.
Reach: h) +1 spear (antimagic)
Press: ? - help, Dir - move target, f/p - ogre
Aim: an ogre, wielding a +0 giant club (about 23% to evade your +1 antimagic spear)
You reach to attack!
You hit the ogre.
The ogre is lightly wounded.
Unknown command.
You hit the ogre.
The ogre is moderately wounded.
The ogre hits you with a +0 giant club!
You hit the ogre but do no damage.
The ogre is moderately wounded.
You closely miss the ogre.
The ogre is moderately wounded.
The ogre hits you with a +0 giant club.
You hit the ogre. You bite the ogre.
The ogre is moderately wounded.
The ogre barely misses you.
You hit the ogre.
The ogre is heavily wounded.
The ogre hits you with a +0 giant club!
You hit the ogre but do no damage. You bite the ogre.
The ogre is heavily wounded.
You hit the ogre but do no damage. You bite the ogre.
The ogre is heavily wounded.
The ogre hits you with a +0 giant club!!
* * * LOW HITPOINT WARNING * * *
The ogre hits you with a +0 giant club.
* * * LOW HITPOINT WARNING * * *
Reach: h) +1 spear (antimagic)
Press: ? - help, Dir - move target, f/p - ogre
Aim: an ogre, wielding a +0 giant club (heavily wounded, about 23% to evade your +1 antimagic spear)
You reach to attack!
You hit the ogre.
The ogre is severely wounded.
The ogre hits you with a +0 giant club!
You die...

###############..♣♣..
..........##.....♣.♣
................♣.♣♣
.................♣.♣
................♣..♣
..####.............♣♣.♣♣
#............♣.♣...
##...............♣.....
.............O@.....♣♣....
..<...)....................
#####.#+###.................
...#........##............
..#.#..................)....
...#.#.....###...............
## #.........#...............
#.##...................†... #
...................†.....


You could see an ogre.

Vanquished Creatures
  A jelly (D:2)
  Jessica (D:3)
  An orc wizard (D:3)
  A scorpion zombie (D:4)
  2 hound zombies (D:4)
  3 gnolls (D:2)
  3 adders (D:3)
  A worm (D:2)
  2 dart slugs (D:1)
  5 orcs (D:3)
  5 bats
  9 endoplasms
  2 giant cockroaches
  5 goblins
  5 hobgoblins
  3 quokkas
  8 ball pythons
  A jackal skeleton (D:3)
  9 kobolds
  5 rats
72 creatures vanquished.

Vanquished Creatures (others)
  2 fungi (D:2)
  A plant (D:1)
  10 toadstools (D:2)
13 creatures vanquished.

Grand Total: 85 creatures vanquished

Notes
Turn   | Place    | Note
-------+----------+-------------------------------------------
     0 | D:1      | ZARRMARR the Gnoll Monk began the quest for the Orb.
     0 | D:1      | Reached XP level 1. HP: 23/23 MP: 1/1
   353 | D:1      | Reached XP level 2. HP: 29/29 MP: 2/2
  1104 | D:2      | Reached XP level 3. HP: 31/35 MP: 3/3
  1481 | D:2      | Reached skill level 1 in Invocations
  1482 | D:2      | Reached skill level 1 in Long Blades
  1482 | D:2      | Reached skill level 1 in Axes
  1482 | D:2      | Reached skill level 1 in Maces & Flails
  1482 | D:2      | Reached skill level 1 in Polearms
  1482 | D:2      | Reached skill level 1 in Staves
  1482 | D:2      | Reached skill level 1 in Slings
  1482 | D:2      | Reached skill level 1 in Bows
  1482 | D:2      | Reached skill level 1 in Crossbows
  1482 | D:2      | Reached skill level 1 in Throwing
  1482 | D:2      | Reached skill level 1 in Armour
  1482 | D:2      | Reached skill level 1 in Shields
  1482 | D:2      | Reached skill level 1 in Unarmed Combat
  1482 | D:2      | Reached skill level 1 in Spellcasting
  1482 | D:2      | Reached skill level 1 in Evocations
  1488 | D:2      | Reached XP level 4. HP: 28/41 MP: 1/5
  1687 | D:2      | Found a faded altar of an unknown god.
  2028 | D:2      | Reached skill level 1 in Conjurations
  2028 | D:2      | Reached skill level 1 in Hexes
  2028 | D:2      | Reached skill level 1 in Summonings
  2028 | D:2      | Reached skill level 1 in Necromancy
  2028 | D:2      | Reached skill level 1 in Translocations
  2028 | D:2      | Reached skill level 1 in Transmutations
  2028 | D:2      | Reached skill level 1 in Fire Magic
  2028 | D:2      | Reached skill level 1 in Ice Magic
  2028 | D:2      | Reached skill level 1 in Air Magic
  2028 | D:2      | Reached skill level 1 in Earth Magic
  2028 | D:2      | Reached skill level 1 in Poison Magic
  2479 | D:3      | Found an opulent altar of Gozag.
  2525 | D:3      | Reached XP level 5. HP: 34/47 MP: 2/6
  2701 | D:3      | Noticed Jessica
  2709 | D:3      | Killed Jessica
  2963 | D:3      | Found a transporter.
  3000 | D:3      | Found a one-way gate to the infinite horrors of the Abyss.
  3000 | D:3      | Noticed suicidejoker's ghost (amateur DsBr)
  3000 | D:3      | Noticed a kobold brigand
  3022 | D:3      | Found a transporter.
  3118 | D:3      | Found a hazy altar of Hepliaklqana.
  3119 | D:3      | Found a faded altar of an unknown god.
  4285 | D:4      | Reached XP level 6. HP: 51/53 MP: 2/8
  4380 | D:4      | Slain by an ogre

Illustrated notes

Levels and vault maps discovered:
D:1:      lightli_arrival_noodles, layout_basic, serial_forest,
          infiniplex_forest_end_2, infiniplex_forest_clump_C,
          infiniplex_forest_clump_curved, infiniplex_forest_lined_ring,
          infiniplex_forest_split
D:2:      cheibrodos_fertilizer, layout_basic, basic_ecumenical_altar,
          dk_noncrumbling_4
D:3:      layout_basic, nicolae_gozag_seed_capital,
          beargit_hepliaklqana_dungeon_heroes, gammafunk_ghost_abyssal_escape,
          st_stairs_12, uniq_jessica
D:4:      layout_basic, nicolae_yredelemnul_corpse_copse

Skill      XL: |  1  2  3  4  5 |
---------------+----------------+-----
Invocations    | 1 2 |  2.0
Long Blades    | 1 |  1.8
Axes           | 1 |  1.8
Maces & Flails | 1 |  1.8
Polearms       | 1 |  1.8
Staves         | 1 |  1.8
Slings         | 1 |  1.8
Bows           | 1 |  1.8
Crossbows      | 1 |  1.8
Throwing       | 1 |  1.8
Armour         | 1 |  1.8
Shields        | 1 |  1.8
Unarmed Combat | 1 |  1.8
Spellcasting   | 1 |  1.8
Evocations     | 1 |  1.8
Conjurations   | 1 |  1.4
Hexes          | 1 |  1.4
Summonings     | 1 |  1.4
Necromancy     | 1 |  1.4
Translocations | 1 |  1.4
Transmutations | 1 |  1.4
Fire Magic     | 1 |  1.4
Ice Magic      | 1 |  1.4
Air Magic      | 1 |  1.4
Earth Magic    | 1 |  1.4
Poison Magic   | 1 |  1.4
Fighting       | |  6.8
Short Blades   | |  6.8
Dodging        | |  6.8
Stealth        | |  4.5

Action                   |  1- 3 |  4- 6 || total
-------------------------+-------+-------++-------
Melee: Short sword       |    78 |       ||    78
       Bite              |     7 |    21 ||    28
       Spear             |    21 |   195 ||   216
Throw: Dart              |    30 |    19 ||    49
       Boomerang         |       |    46 ||    46
  Use: Scroll            |     1 |     4 ||     5
 Stab: Sleeping          |     1 |       ||     1
Armor: Robe              |    13 |       ||    13
       Plate armour      |    14 |   123 ||   137
Dodge: Dodged            |    45 |    34 ||    79
